 Dungeon Crawl Stone Soup version 0.20.1-1-g8b1a95d (webtiles) character file.

68 MasterBenM the Chopper (level 4, 0/41 HPs)
             Began as a Hill Orc Berserker on Sept 13, 2017.
             Was a Believer of Trog.
             Slain by Crazy Yiuf
             ... wielding a +3 quarterstaff of chaos
              (5 damage)
             ... on level 2 of the Dungeon.
             The game lasted 00:21:20 (1922 turns).

MasterBenM the Chopper (Hill Orc Berserker)         Turns: 1922, Time: 00:21:20

Health: 0/41       AC: 12    Str: 17 (20) XL:     4   Next: 19%
Magic:  3/4        EV:  2    Int:  6 (7)  God:    Trog [**....]
Gold:   114        SH:  0    Dex:  7 (10) Spells: 3/3 levels left

rFire    . . .     SeeInvis .   a - +1 hand axe
rCold    . . .     Gourm    .   (no shield)
rNeg     + + +     Faith    .   s - +0 plate armour
rPois    ∞         Spirit   .   (no helmet)
rElec    .         Reflect  .   (no cloak)
rCorr    .         Harm     .   (no gloves)
MR       ++...                  n - +0 pair of boots
Stlth    ..........             (no amulet)
Regen    1.2/turn               f - ring of flight
MPRegen  0.1/turn               (no ring)

@: lethally poisoned (0 -> 0), petrified, berserk cooldown, regenerating, slowed
A: no striking features
a: Berserk, Trog's Hand, Burn Spellbooks, Renounce Religion, Evoke Flight


You were on level 2 of the Dungeon.
You worshipped Trog.
Trog was pleased with you.
You were not hungry.

You visited 1 branch of the dungeon, and saw 2 of its levels.

You collected 114 gold pieces.

Inventory:

Hand Weapons
 a - a +1 hand axe (weapon)
 g - a +0 club
 i - a +0 dagger
 j - a +0 dagger
 k - a +0 club
 l - a +0 short sword
 m - a +0 whip
 o - a +0 club
 q - a +1 dagger of holy wrath
 t - a +0 club
 D - a cursed -2 short sword
Missiles
 d - 78 arrows
 r - 49 stones
 z - 2 tomahawks
 E - a throwing net (quivered)
Armour
 b - a +0 animal skin
 e - a +0 leather armour
 h - a +0 leather armour
 n - a +0 pair of boots (worn)
 p - a +0 ring mail
 s - a +0 plate armour (worn)
 v - a cursed +0 leather armour
 w - a +0 scale mail
 x - a +0 ring mail
 B - a +0 pair of boots
Jewellery
 f - a ring of flight (left hand)
Scrolls
 y - a scroll of recharging
 A - 2 scrolls of identify
Potions
 C - a potion of heal wounds
Comestibles
 c - 2 bread rations
 u - 2 meat rations
 F - a royal jelly


   Skills:
 + Level 4.4 Fighting
 + Level 5.3 Axes
 + Level 2.5 Armour
 + Level 1.8 Dodging


You had 3 spell levels left.
You didn't know any spells.

Dungeon Overview and Level Annotations

Branches:
Dungeon (2/15)

Altars:
Cheibriados
Elyvilon
Zin

Annotations:
D:2 Crazy Yiuf


Message History

Crazy Yiuf is severely wounded.
You feel sick. Crazy Yiuf hits you but does no damage.
You are slowing down.
You closely miss Crazy Yiuf.
Crazy Yiuf is severely wounded.
You feel sick. Crazy Yiuf hits you but does no damage.
Crazy Yiuf hits you with a quarterstaff of chaos.
* * * LOW HITPOINT WARNING * * *
Crazy Yiuf burns you.
You have turned to stone.
You feel the effects of Trog's Hand fading.
Crazy Yiuf hits you with a quarterstaff of chaos.
* * * LOW HITPOINT WARNING * * *
Crazy Yiuf freezes you.
Crazy Yiuf laughs, "Iron!
Shower arga action."
Crazy Yiuf hits you with a quarterstaff of chaos.
* * * LOW HITPOINT WARNING * * *
Crazy Yiuf hits you with a quarterstaff of chaos.
* * * LOW HITPOINT WARNING * * *
You are electrocuted!
You die...

....# #..........##
....## #.......##..##
###..#####..#####...#
#...........# #....#
#.#...####..# #....#
##.##........# ♣....♣
#...##.......# ♣...♣♣
.....##......# ♣♣.♣♣
......#......# ♣@♣♣
.._..........# ♣♣g♣
......#......# ♣.♣♣
.....##......# ♣♣.♣
#...##.......# ##'##
##.##........# #...#
.............# #...#
#............# #..)#
...#.........# #####


You could see Crazy Yiuf.

Vanquished Creatures
  6 dart slugs
  A leopard gecko (D:2)
  5 giant cockroaches
  7 goblins
  5 hobgoblins (D:1)
  8 jackals
  2 kobolds
  A ball python (D:2)
  3 bats (D:1)
  7 frilled lizards
  5 rats
50 creatures vanquished.

Notes
Turn   | Place    | Note
-------+----------+-------------------------------------------
     0 | D:1      | MasterBenM the Hill Orc Berserker began the quest for the Orb.
     0 | D:1      | Reached XP level 1. HP: 19/19 MP: 1/1
   166 | D:1      | Reached XP level 2. HP: 14/27 MP: 2/2
   422 | D:1      | Reached XP level 3. HP: 12/33 MP: 3/3
  1107 | D:1      | Reached skill level 5 in Axes
  1140 | D:2      | Reached ** piety under Trog
  1185 | D:2      | Found a snail-covered altar of Cheibriados.
  1346 | D:2      | Found a runed door.
  1346 | D:2      | Noticed Crazy Yiuf
  1357 | D:2      | Found a glowing silver altar of Zin.
  1604 | D:2      | Found a white marble altar of Elyvilon.
  1614 | D:2      | Reached XP level 4. HP: 33/41 MP: 4/4
  1922 | D:2      | Slain by Crazy Yiuf

Skill      XL: |  1  2  3 |
---------------+----------+-----
Fighting       | 4 |  4.4
Axes           | 5 |  5.3
Armour         | |  2.5
Dodging        | |  1.8

Action                   |  1- 3 |  4- 6 || total
-------------------------+-------+-------++-------
Melee: Hand axe          |   168 |    24 ||   192
Invok: Trog's Hand       |     1 |     1 ||     2
       Berserk           |       |     1 ||     1
  Use: Scroll            |     4 |     1 ||     5
       Potion            |     4 |     1 ||     5
  Eat: Chunk             |     3 |       ||     3
       Bread ration      |       |     1 ||     1
Armor: Leather armour    |    25 |       ||    25
       Plate armour      |    38 |    14 ||    52
Dodge: Dodged            |    68 |     9 ||    77
